 Dungeon Crawl Stone Soup version 0.28.0-53-g5a82cb258f (webtiles) character file.

Game seed: 14624100409936505422

414 gobodom the Covered (level 6, -6/38 HPs)
             Began as a Gargoyle Fighter on June 21, 2022.
             Mangled by a gnoll
             ... wielding a +1 flail of holy wrath
              (9 damage)
             ... on level 5 of the Dungeon.
             The game lasted 00:18:11 (4163 turns).

gobodom the Covered (Gargoyle Fighter)              Turns: 4163, Time: 00:18:11

Health: -6/38      AC: 11    Str: 21    XL:     6   Next: 91%
Magic:  6/6        EV:  9    Int: 15    God:
Gold:   228        SH:  4    Dex:  9    Spells: 5/5 levels left

rFire   . . .      SeeInvis .   a - +0 war axe (drain)
rCold   . . .      Faith    .   c - +0 buckler
rNeg    + . .      Spirit   .   b - +0 scale mail
rPois   ∞          Reflect  .   (no helmet)
rElec   +          Harm     .   (no cloak)
rCorr   .          Rampage  .   (no gloves)
Will    .....                   (no boots)
Stlth   ..........              (no amulet)
HPRegen 0.12/turn               i - +6 ring of intelligence
MPRegen 0.10/turn               (no ring)

@: on berserk cooldown, slowed, very slow
A: sickness immunity, AC +4, negative energy resistance 1, electricity
resistance, torment resistance 1, petrification resistance
a: no special abilities


You were on level 5 of the Dungeon.
You visited 1 branch of the dungeon, and saw 5 of its levels.

You collected 228 gold pieces.

Inventory:

Hand Weapons
 a - a +0 war axe of draining (weapon)
 l - a +2 short sword of venom
Armour
 b - a +0 scale mail (worn)
 c - a +0 buckler (worn)
Jewellery
 f - a ring of positive energy
 i - a +6 ring of intelligence (left hand)
Wands
 n - a wand of charming (1)
 s - a wand of flame (14)
Scrolls
 e - 2 scrolls of teleportation
 k - 2 scrolls of enchant armour {unknown}
 m - 2 scrolls of magic mapping {unknown}
 p - a scroll of immolation {unknown}
 q - a scroll of holy word {unknown}
Potions
 d - a potion of might
 g - a potion of berserk rage
 o - a potion of curing
 t - a potion of mutation {unknown}


   Skills:
 + Level 3.8 Fighting
 + Level 0.1 Short Blades
 + Level 4.0 Axes
 + Level 0.1 Throwing
 + Level 5.0 Armour
 + Level 1.5 Dodging
 + Level 0.2 Stealth
 + Level 4.5 Shields
 + Level 0.2 Evocations


You had 5 spell levels left.
You didn't know any spells.
Your spell library contained the following spells:

 Spells                   Type           Power      Damage    Failure   Level
 Tukima's Dance           Hex            0%         N/A       95%         3
 Passage of Golubria      Tloc           0%         N/A       100%        4
 Yara's Violent Unravell  Hex/Tmut       0%         3d3       100%        5


Dungeon Overview and Level Annotations

Branches:
Dungeon (5/15)
 Temple: D:4-7

Altars:
Vehumet

Shops:
D:1 *[   D:5 ??


Innate Abilities, Weirdness & Mutations

You are immune to sickness and miasma.
Your stone body is resilient. (AC +4)
You are immune to poison.
You resist negative energy. (rN+)
You are resistant to electric shocks. (rElec)
You are resistant to unholy torment.
You are immune to petrification.


Message History

As you read the scroll of blinking, it crumbles to dust.
The gnoll shouts!
Aiming: Charm
Press: ? - help, Q - select action, (/) - cycle Shift-Dir - straight line, f - iguana
Aim: an iguana (chance to affect: 57%)
The iguana resists with significant effort.
Aiming: Charm
Press: ? - help, Q - select action, (/) - cycle Shift-Dir - straight line, f - gnoll, p - iguana
Aim: a gnoll, wielding a +0 halberd (chance to affect: 57%)
The gnoll is charmed.
Something hits the gnoll sergeant.
The iguana hisses menacingly.
You see here 2 large rocks.
A red film seems to cover your vision as you go berserk!
You feel yourself moving faster!
You feel mighty! The iguana barely misses you.
You closely miss the iguana. You block the iguana's attack.
You slash the iguana! You drain the iguana.
You kill the iguana!
The gnoll sergeant hits you from afar with a +0 trident.
* * * LOW HITPOINT WARNING * * *
Your gnoll barely misses the gnoll sergeant.
The gnoll sergeant hits you with a +0 trident!
* * * LOW HITPOINT WARNING * * *
You barely miss the gnoll sergeant.
The gnoll sergeant is lightly wounded.
Your gnoll hits the gnoll sergeant with a +0 halberd!
The gnoll hits your gnoll with a +1 flail of holy wrath!
You block the gnoll sergeant's attack.
You hit the gnoll sergeant. You drain the gnoll sergeant.
You kill the gnoll sergeant!
Your Axes skill increases to level 4!
Your Armour skill increases to level 5!
The gnoll misses your gnoll.
You feel a strong urge to attack something.
You feel your anger nearly subside.
You are no longer berserk.
You are exhausted.
You feel yourself slow down.
The gnoll hits your gnoll with a +1 flail of holy wrath.
Your gnoll dies!
The gnoll hits you with a +1 flail of holy wrath!
You die...

###....## ##..g....#
#.#####..# #.#...#..#######
#.#.>.#..g.....#
#####g#...#.####.#g#
#.....#.∩.#.####.#.#
#...g.#...#....#.#l#####
#.....#####g@..#.#...l.#
#.........g###...#####.#
#.g......#.# #...# #.#
####.......##g####..# #.#
#....(#######.......# #l#
#........gg)..####.######.#
#############....#..gg∩g..#
######.##########
.............#


You could see 2 gnolls.

Vanquished Creatures
  A bullfrog (D:4)
  A gnoll sergeant (D:5)
  3 hounds
  An orc wizard (D:3)
  2 iguanas (D:5)
  A gnoll (D:5)
  3 adders
  An adder skeleton (D:4)
  A worm (D:3)
  3 dart slugs
  3 orcs
  7 ball pythons
  8 bats
  4 endoplasms
  3 giant cockroaches
  7 goblins
  8 hobgoblins
  3 jackals (D:1)
  5 frilled lizards
  9 kobolds
  11 rats
85 creatures vanquished.

Vanquished Creatures (collateral kills)
  2 orcs (D:3)
  A hobgoblin (D:3)
  A frilled lizard (D:3)
4 creatures vanquished.

Vanquished Creatures (others)
  2 gnolls (D:5)
  An orc (D:3)
  A plant (D:2)
4 creatures vanquished.

Grand Total: 93 creatures vanquished

Notes
Turn   | Place    | Note
-------+----------+-------------------------------------------
     0 | D:1      | gobodom the Gargoyle Fighter began the quest for the Orb.
     0 | D:1      | Reached XP level 1. HP: 14/14 MP: 1/1
    81 | D:1      | Reached XP level 2. HP: 15/19 MP: 2/2
   426 | D:1      | Reached XP level 3. HP: 23/23 MP: 3/3
   580 | D:1      | Found Nuilut's Antique Armour Emporium.
   727 | D:1      | Found Ippeugh's Assorted Antiques.
  1303 | D:2      | Reached skill level 4 in Armour
  1699 | D:2      | Reached XP level 4. HP: 27/28 MP: 4/4
  2020 | D:3      | You fall into a shaft and drop 2 floors!
  2020 | D:5      | Entered Level 5 of the Dungeon
  2118 | D:4      | Reached XP level 5. HP: 25/33 MP: 5/5
  2396 | D:4      | Reached skill level 1 in Dodging
  2607 | D:3      | Found a radiant altar of Vehumet.
  3039 | D:3      | Found a faded altar of an unknown god.
  3529 | D:3      | Reached XP level 6. HP: 35/38 MP: 6/6
  4016 | D:5      | HP: 1/38 [gnoll sergeant/+0 trident (3)]
  4061 | D:5      | Found Fuboson's Magic Scroll Boutique.
  4102 | D:5      | Found Irore's Magic Scroll Shoppe.
  4154 | D:5      | Reached skill level 5 in Armour
  4163 | D:5      | Mangled by a gnoll

Illustrated notes

Levels and vault maps discovered:
D:1:      wheals_arrival_shading, layout_loops_ring, serial_shops,
          nicolae_shop_waterfront, shop, minmay_door_square,
          chequers_serial_rivers_micro_d
D:2:      layout_loops_ring, serial_bayou, serial_bayou_ford_a,
          serial_bayou_pond_c, serial_bayou_lagoon_a, serial_bayou_pond_e
D:3:      layout_loops_ring, vehumet_altar_wand_db,
          ebering_ecumenical_altar_mist
D:4:      layout_loops_ring
D:5:      layout_basic, serial_shops, nicolae_take_the_stairs,
          nicolae_diamond_shop, shop, shop, hangedman_minor_gate_pass

Skill      XL: |  1  2  3  4  5  6 |
---------------+-------------------+-----
Axes           | 2 3 4 |  4.0
Armour         | 4 5 |  5.0
Shields        | 4 |  4.5
Dodging        | 1 |  1.5
Fighting       | |  3.8
Short Blades   | |  0.1
Throwing       | |  0.1
Stealth        | |  0.2
Evocations     | |  0.2

Action                   |  1- 3 |  4- 6 || total
-------------------------+-------+-------++-------
Melee: War axe           |   126 |   116 ||   242
       Short sword       |     3 |    13 ||    16
Throw: Dart              |       |     6 ||     6
Evoke: Wand              |       |    10 ||    10
  Use: Scroll            |       |     8 ||     8
       Potion            |       |     2 ||     2
 Stab: Invisible         |       |     1 ||     1
Armor: Scale mail        |   101 |    64 ||   165
Dodge: Dodged            |    84 |    66 ||   150
Block: Buckler           |    39 |    39 ||    78
